Description

I just wanna tryout this build vs. similar zerg opening.

Replay - Elazer v Zest: Game 1 - Blackpink LE

Build Order

Get SALT Encoding   

  12  0:00  Probe  
  13  0:12  Probe  
  14  0:18  Pylon  
  14  0:25  Probe (Chrono Boost)  
  15  0:37  Probe (Chrono Boost)  
  15  0:41  Gateway  
  16  0:45  Probe (Chrono Boost)  
  16  0:46  Assimilator  
  17  0:51  Probe  
  18  1:03  Probe  
  19  1:15  Probe  
  20  1:25  Nexus  
  20  1:32  Cybernetics Core  
  20  1:36  Probe  
  21  1:43  Assimilator  
  21  1:48  Probe  
  21  1:50  Pylon  
  22  2:00  Probe  
  23  2:07  Adept (Chrono Boost)  
  23  2:09  Warp Gate  
  23  2:12  Probe  
  26  2:25  Probe  
  26  2:26  Stalker  
  26  2:29  Twilight Council  
  30  2:37  Probe x2 (Chrono Boost)  
  31  2:47  Probe x2 (Chrono Boost)  
  33  2:52  Robotics Facility, Probe x2  
  35  3:06  Probe x2  
  37  3:15  Dark Shrine  
  37  3:18  Probe x2  
  39  3:27  Gateway x2  
  39  3:33  Gateway  
  39  3:39  Warp Prism (Chrono Boost)  
  41  3:43  Probe x2  
  43  3:51  Pylon  
  43  3:56  Probe x2  
  43  4:00  Assimilator x2  
  43  4:02  Pylon  
  45  4:09  Probe x2  
  47  4:22  Probe x2  
  49  4:33  Dark Templar x4  
  49  4:34  Probe x2  
  59  4:45  Nexus  
  59  4:58  Charge  
  59  5:03  Pylon  
  59  5:06  Observer (Chrono Boost)  
  60  5:10  Forge  
  60  5:14  Archon x2  
  60  5:16  Sentry  
  60  5:18  Pylon  
  62  5:22  Sentry x2  
  62  5:23  Zealot  
  68  5:36  Immortal (Chrono Boost)  
  68  5:37  Gateway x3  
  72  5:42  Protoss Ground Weapons Level 1  
  72  5:44  Gateway  
  72  5:50  Zealot  
  74  5:59  Zealot x2, Dark Templar  
  80  6:07  Immortal (Chrono Boost)  
  84  6:11  Pylon  
  84  6:24  Dark Templar  
  86  6:26  Zealot x2  
  86  6:28  Archon  
  89  6:44  Zealot  
  89  6:50  Immortal (Chrono Boost)  
  89  6:53  Zealot x2  
  83  7:00  Zealot  
  67  7:09  Zealot  
  67  7:20  Probe x3  
  70  7:27  Dark Templar x4  
  70  7:28  Sentry, Zealot x3, Immortal (Chrono Boost)  
  90  7:31  Protoss Ground Weapons Level 2 (Chrono Boost)  
  90  7:32  Probe  
  90  7:33  Archon x2  
  87  7:51  Sentry, Zealot x2  
  81  8:11  Zealot x2  
  77  8:19  Immortal  
  77  8:23  Zealot x3  
  78  8:31  Zealot x4  
  70  8:48  Stalker x4  
  70  8:53  Sentry x2  
  74  9:13  Probe x2  
  74  9:16  Zealot  
  78  9:25  Pylon x2  
  78  9:32  Nexus  
  78  9:33  Pylon  
  78  9:44  Immortal (Chrono Boost)  
  78  9:52  Sentry x5  
Spawning Tool Build Advisor. Get it on Overwolf

Go to:

Details

  • Created by: Klazeeh
  • Published on: Mar 03, 2019
  • Modified on: Mar 03, 2019
  • Patch: 4.7.1
Show
View Real Time Build Order
Export as new Build Order

Comments (0)

There are no comments. Be the first!

Create an account to comment!